 Dungeon Crawl Stone Soup version 0.19.5 (webtiles) character file.

1786 snowfan the Nimble (level 8, -4/41 HPs)
             Began as a Deep Elf Fire Elementalist on May 3, 2017.
             Slain by a killer bee (6 damage)
             ... on level 8 of the Dungeon.
             The game lasted 00:19:10 (4908 turns).

snowfan the Nimble (Deep Elf Fire Elementalist)     Turns: 4908, Time: 00:19:11

Health: -4/41      AC:  2    Str: 10    XL:     8   Next: 82%
Magic:  18/18      EV: 25    Int: 23    God:
Gold:   235        SH:  0    Dex: 21    Spells: 2 memorised, 14 levels left

rFire  + . .     SeeInvis .     m - +0 dagger
rCold  . . .     Gourm    .     t - +0 robe (curse)
rNeg   . . .     Faith    .     (no shield)
rPois  .         Spirit   .     (no helmet)
rElec  .         Reflect  .     (no cloak)
rCorr  .         Harm     .     (no gloves)
MR     .....                    (no boots)
Stlth  +.........               (no amulet)
                                B - +6 ring of dexterity
                                v - ring of protection from fire

@: confused, mighty, lethally poisoned (-4 -> -14)
A: no striking features
a: no special abilities


You were on level 8 of the Dungeon.
You were very hungry.

You visited 1 branch of the dungeon, and saw 6 of its levels.

You collected 235 gold pieces.

Inventory:

Hand Weapons
 m - a +0 dagger (weapon)
 y - a +2 vampiric dagger
Armour
 a - a +0 robe
 t - a cursed +0 robe (worn)
Jewellery
 v - a ring of protection from fire (left hand)
 B - a +6 ring of dexterity (right hand)
 J - an uncursed ring of protection from magic {unknown}
Scrolls
 e - 6 scrolls of identify {unknown}
 f - 2 scrolls of random uselessness {unknown}
 h - 3 scrolls of remove curse {unknown}
 i - a scroll of immolation {unknown}
 j - 5 scrolls of teleportation {unknown}
 k - 3 scrolls of blinking {unknown}
 n - 4 scrolls of enchant armour {unknown}
 u - 4 scrolls of recharging {unknown}
 D - a scroll of fear {unknown}
 H - a scroll of enchant weapon {unknown}
 I - 2 scrolls of noise {unknown}
Potions
 g - a potion of degeneration {unknown}
 l - 2 potions of cure mutation {unknown}
 r - a potion of invisibility
 s - 2 potions of curing {unknown}
 w - a potion of experience
 z - a potion of might
 A - a potion of berserk rage {unknown}
 C - a potion of mutation {unknown}
 E - a potion of heal wounds {unknown}
 G - a potion of brilliance {unknown}
 L - 2 potions of flight {unknown}
Books
 b - a book of Flames

   Spells                             Type                      Level
   a - Flame Tongue                   Conjuration/Fire             1
   b - Throw Flame                    Conjuration/Fire             2
   c - Conjure Flame                  Conjuration/Fire             3
   d - Inner Flame                    Hexes/Fire                   3
   e - Sticky Flame                   Conjuration/Fire             4
   f - Fireball                       Conjuration/Fire             5
Comestibles
 c - 6 bread rations
 d - 2 fruits
 o - 3 beef jerkies
 q - a meat ration
 x - a slice of pizza
 F - a royal jelly


   Skills:
 * Level 14.4 Dodging
 - Level 2.4 Stealth
 + Level 5.9 Spellcasting
 - Level 5.0 Conjurations
 + Level 6.5 Fire Magic


You had 14 spell levels left.
You knew the following spells:

 Your Spells              Type           Power        Failure   Level  Hunger
a - Flame Tongue          Conj/Fire      ####.        1%          1    None
d - Conjure Flame         Conj/Fire      ####....     2%          3    #......


Dungeon Overview and Level Annotations

Branches:
Dungeon (5/15)
 Temple: D:4-7

Altars:
Hepliaklqana
Qazlal
Xom

Shops:
D:4 (

Annotations:
D:8 Atash's ghost, novice MiBe


Message History

* * * LOW HITPOINT WARNING * * *
The killer bee misses you. The killer bee closely misses you.
It was a potion of might.
You feel very mighty all of a sudden.
* * * LOW HITPOINT WARNING * * *
You feel sick. The killer bee stings you.
* * * LOW HITPOINT WARNING * * *
The killer bee barely misses you. The killer bee stings you.
* * * LOW HITPOINT WARNING * * *
The killer bee barely misses you.
It was a potion of experience.
You feel more experienced!
Your Dodging skill gained 9 levels and is now at level 14!
You have reached level 8!
You feel clever.
* * * LOW HITPOINT WARNING * * *
You feel sick. The killer bee stings you.
* * * LOW HITPOINT WARNING * * *
The killer bee stings you.
You die...

. ##############
..
#@y...........
.##y####...#..?
..a##..........
###.##.#...#...#
#..............
#.##.##########
.. #.##.#### ..
#.......#
##......#


You could see a worker ant and 2 killer bees.

Vanquished Creatures
  A water moccasin (D:8)
  A hornet zombie (D:8)
  An ogre (D:8)
  A bullfrog (D:4)
  A killer bee (D:8)
  4 howler monkeys
  2 orc priests
  A hound (D:8)
  An orc wizard (D:3)
  A centaur skeleton (D:8)
  2 worker ants (D:4)
  An iguana (D:4)
  A hound zombie (D:8)
  3 gnolls (D:4)
  An adder (D:8)
  2 worms
  3 dart slugs
  2 leopard geckos
  7 orcs
  5 giant cockroaches
  5 goblins
  13 hobgoblins
  5 jackals
  4 quokkas (D:3)
  4 bats
  6 frilled lizards
  7 kobolds
  11 rats
96 creatures vanquished.

Notes
Turn   | Place    | Note
-------+----------+-------------------------------------------
     0 | D:1      | snowfan the Deep Elf Fire Elementalist began the quest for the Orb.
     0 | D:1      | Reached XP level 1. HP: 10/10 MP: 6/6
   200 | D:1      | Reached XP level 2. HP: 12/15 MP: 5/8
   557 | D:1      | Found a shimmering altar of Xom.
  1145 | D:2      | Reached XP level 3. HP: 16/19 MP: 5/9
  1882 | D:2      | Found a stormy altar of Qazlal.
  2143 | D:3      | Reached XP level 4. HP: 9/24 MP: 0/11
  2868 | D:3      | Reached XP level 5. HP: 23/28 MP: 7/12
  2980 | D:4      | Found Satrexor's Antique Weapon Emporium.
  2994 | D:4      | Learned a level 3 spell: Conjure Flame
  3072 | D:4      | Reached skill level 5 in Fire Magic
  3241 | D:4      | HP: 1/28 [jackal (1)]
  3243 | D:4      | Reached XP level 6. HP: 1/32 MP: 10/14
  4162 | D:5      | Entered Level 5 of the Dungeon
  4229 | D:5      | You fall through a shaft for 3 floors!
  4243 | D:8      | Found a hazy altar of Hepliaklqana.
  4247 | D:8      | Reached skill level 5 in Conjurations
  4269 | D:8      | Reached skill level 3 in Dodging
  4269 | D:8      | Reached XP level 7. HP: 29/36 MP: 5/16
  4349 | D:8      | Reached skill level 5 in Spellcasting
  4714 | D:8      | Reached skill level 4 in Dodging
  4798 | D:8      | Noticed Atash's ghost (novice MiBe)
  4847 | D:8      | Reached skill level 5 in Dodging
  4908 | D:8      | Reached skill level 14 in Dodging
  4908 | D:8      | Reached XP level 8. HP: 2/41 MP: 18/18
  4908 | D:8      | HP: 2/41 [killer bee (2)]
  4908 | D:8      | Slain by a killer bee

Skill      XL: |  1  2  3  4  5  6  7 |
---------------+----------------------+-----
Conjurations   | 2 3 4 5 |  5.0
Fire Magic     | 4 5 6 |  6.5
Spellcasting   | 4 5 |  5.9
Dodging        | 3 14 | 14.4
Stealth        | |  2.4

Action                   |  1- 3 |  4- 6 |  7- 9 || total
-------------------------+-------+-------+-------++-------
Melee: Unarmed           |     2 |       |       ||     2
       Dagger            |    39 |    26 |       ||    65
 Cast: Flame Tongue      |    76 |    71 |    39 ||   186
       Conjure Flame     |       |     4 |     2 ||     6
  Use: Potion            |       |     1 |     4 ||     5
 Stab: Sleeping          |     7 |     3 |       ||    10
  Eat: Chunk             |     4 |     6 |     1 ||    11
Armor: Robe              |     4 |     4 |       ||     8
Dodge: Dodged            |    34 |    41 |    24 ||    99
